 Dungeon Crawl Stone Soup version 0.26.1-11-gd32895ea62 (webtiles) character file.

Game seed: 10863764946249567535

597 Eitelfritz the Slasher (level 7, 0/51 HPs)
             Began as a Demonspawn Gladiator on Apr 24, 2021.
             Slain by Pikel
             ... wielding a +2 whip of flaming
              (8 damage)
             ... on level 5 of the Dungeon.
             The game lasted 00:08:09 (5797 turns).

Eitelfritz the Slasher (Demonspawn Gladiator)       Turns: 5797, Time: 00:08:10

Health: 0/51       AC:  7    Str: 23    XL:     7   Next: 17%
Magic:  7/7        EV: 13    Int:  9    God:
Gold:   265        SH:  4    Dex: 14    Spells: 6/6 levels left

rFire    + . .     SeeInvis .   a - +1 long sword
rCold    . . .     Faith    .   (no shield)
rNeg     . . .     Spirit   .   l - +2 leather armour {rF+}
rPois    .         Reflect  .   c - +1 helmet
rElec    .         Harm     .   (no cloak)
rCorr    .         Rampage  .   (no gloves)
Will     .....                  (no boots)
Stlth    +.........             (no amulet)
HPRegen  0.17/turn              m - +6 ring of strength
MPRegen  0.10/turn              (no ring)

@: no status effects
A: large bone plates 1, demonic guardian 1
a: no special abilities


You were on level 5 of the Dungeon.
You visited 1 branch of the dungeon, and saw 5 of its levels.

You collected 265 gold pieces.

Inventory:

Hand Weapons
 a - a +1 long sword (weapon)
Missiles
 d - 4 throwing nets (quivered)
 f - 28 poisoned darts
Armour
 b - a +0 scale mail
 c - a +1 helmet (worn)
 l - a +2 leather armour of fire resistance (worn)
Jewellery
 i - an uncursed amulet of faith {unknown}
 m - a +6 ring of strength (left hand)
 o - an uncursed ring of fire
 x - a +4 ring of evasion {unknown}
Wands
 w - a wand of enslavement (5)
Scrolls
 e - 3 scrolls of blinking
 q - a scroll of identify
 u - 4 scrolls of teleportation
Potions
 g - a potion of flight
 h - a potion of berserk rage
 j - a potion of brilliance
 k - 3 potions of mutation
 n - a potion of might {unknown}
 p - a potion of haste {unknown}
 r - a potion of invisibility {unknown}
 s - 3 potions of curing
 t - 2 potions of ambrosia
 v - 2 potions of cancellation
 z - a potion of attraction {unknown}


   Skills:
 + Level 2.9 Fighting
 + Level 5.6 Long Blades
 + Level 2.7 Throwing
 + Level 3.0 Armour
 + Level 3.3 Dodging
 + Level 0.8 Stealth


You had 6 spell levels left.
You didn't know any spells.
Your spell library was empty.

Dungeon Overview and Level Annotations

Branches:
Dungeon (5/15)
 Temple: D:4-7

Altars:
Trog

Annotations:
D:5 Pikel


Innate Abilities, Weirdness & Mutations

You are partially covered in large bone plates. (SH +4)
A weak demonic guardian rushes to your aid.


Message History

You slash Pikel!
Pikel is severely wounded.
Pikel closely misses you. The lemure hits you! The lemure hits you.
Pikel hits you with a +2 whip of flaming.
* * * LOW HITPOINT WARNING * * *
Unknown command.
Unknown command.
You hit Pikel.
Pikel is almost dead.
You block the lemure's attack. The lemure barely misses you.
Pikel hits you but does no damage.
Unknown command.
Unknown command.
You closely miss Pikel.
Pikel is almost dead.
The lemure hits you!
* * * LOW HITPOINT WARNING * * *
The lemure misses you.
Pikel hits you with a +2 whip of flaming!
You die...

#. # #.# # #####.## #
....<..## # ##########
.(.....# # #.....h55###
#.....###
#.####.#..55K@.5######.#......
#K5.h..#.####.#...............
#.######.# #...##...###...##.
#.# #..###.#.#)#.#.### #.#
#..###...#.#...### #.#
#.....###...###... #.#
#...#.#.#.#.#.#.#. ..#
#.....##.#.#.##... ###
#..###..#.#.#..###


You could see Pikel, 4 lemures, a hound and a friendly iron imp (summoned).

Vanquished Creatures
  An ogre (D:4)
  A phantom (D:5)
  Blork the orc (D:4)
  A water moccasin skeleton (D:5)
  A scorpion (D:4)
  An orc priest (D:4)
  2 orc wizards (D:5)
  3 gnolls
  4 adders
  A shadow imp (D:5)
  A worm (D:2)
  A dart slug (D:1)
  3 leopard geckos
  5 orcs
  A ball python (D:1)
  4 bats (D:1)
  3 giant cockroaches
  8 goblins
  7 hobgoblins
  10 jackals
  2 frilled lizards
  5 kobolds
  A leopard gecko skeleton (D:4)
  4 rats (D:1)
71 creatures vanquished.

Vanquished Creatures (collateral kills)
  A scorpion (D:4)
  An orc wizard (D:4)
  A gnoll (D:3)
  2 orcs (D:4)
5 creatures vanquished.

Vanquished Creatures (others)
  An orc wizard (D:5)
1 creature vanquished.

Grand Total: 77 creatures vanquished

Notes
Turn   | Place    | Note
-------+----------+-------------------------------------------
     0 | D:1      | Eitelfritz the Demonspawn Gladiator began the quest for the
                  | Orb.
     0 | D:1      | Reached XP level 1. HP: 16/16 MP: 1/1
    71 | D:1      | Reached skill level 3 in Long Blades
    75 | D:1      | Gained mutation: A weak demonic guardian rushes to your
                  | aid. [demonic ancestry]
    75 | D:1      | Reached XP level 2. HP: 19/22 MP: 2/2
   506 | D:1      | Reached XP level 3. HP: 26/27 MP: 3/3
  1381 | D:2      | Reached skill level 1 in Armour
  1874 | D:2      | Reached XP level 4. HP: 31/33 MP: 4/4
  2339 | D:3      | Reached skill level 4 in Long Blades
  2903 | D:3      | Found a bloodstained altar of Trog.
  3426 | D:4      | Noticed Blork the orc
  3448 | D:4      | Killed Blork the orc
  3449 | D:4      | Reached XP level 5. HP: 26/39 MP: 5/5
  4236 | D:4      | Noticed an ogre
  4259 | D:4      | Killed an ogre
  4260 | D:4      | Gained mutation: You are partially covered in large bone
                  | plates. (SH +4) [demonic ancestry]
  4260 | D:4      | Reached XP level 6. HP: 46/46 MP: 6/6
  4864 | D:4      | Reached skill level 5 in Long Blades
  4929 | D:5      | Entered Level 5 of the Dungeon
  5367 | D:5      | Reached XP level 7. HP: 32/51 MP: 7/7
  5767 | D:5      | Noticed Pikel
  5797 | D:5      | Slain by Pikel

Illustrated notes

Levels and vault maps discovered:
D:1:      lemuel_arrival_behind_the_door_small, layout_basic
D:2:      layout_basic, grunt_decor_fettered, kennysheep_generic_room_10
D:3:      layout_basic, lemuel_coloured_pillars_altar
D:4:      layout_layer_cave, eino_curves_02, uniq_blork_the_orc
D:5:      layout_loops_ring, serial_shops, nicolae_shop_statue_plus,
          minmay_starry_boxes, uniq_pikel

Skill      XL: |  1  2  3  4  5  6  7 |
---------------+----------------------+-----
Long Blades    | 3 4 5 |  5.6
Throwing       | 2 |  2.7
Dodging        | 3 |  3.3
Armour         | 1 2 3 |  3.0
Fighting       | |  2.9
Stealth        | |  0.8

Action                   |  1- 3 |  4- 6 |  7- 9 || total
-------------------------+-------+-------+-------++-------
Melee: Long sword        |   106 |    97 |    46 ||   249
Throw: Throwing net      |       |     3 |       ||     3
  Use: Scroll            |       |    14 |       ||    14
 Stab: Sleeping          |     1 |     1 |       ||     2
Armor: Leather armour    |    20 |     5 |    16 ||    41
       Ring mail         |    18 |     7 |       ||    25
Dodge: Dodged            |    74 |    55 |    28 ||   157
Block: Other             |       |     6 |     5 ||    11
       Rpst.: Long sword |    27 |    14 |     7 ||    48
